 Dungeon Crawl Stone Soup version 0.30-a0-371-gad7725a93e (webtiles) character file.

Game seed: 5190661201881701421

138 NinjaNoafa the Poker (level 5, -1/32 (37) HPs)
             Began as a Demonspawn Wanderer on Nov 22, 2022.
             Slain by a black bear (2 damage)
             ... on level 5 of the Dungeon.
             The game lasted 00:08:27 (2268 turns).

NinjaNoafa the Poker (Demonspawn Wanderer)          Turns: 2268, Time: 00:08:28

HP:   -1/32 (37)    AC:  8    Str: 10      XL:     5   Next: 1%
MP:   0/6           EV: 12    Int: 12 (14) God:
Gold: 114           SH:  8    Dex: 13 (16) Spells: 6/6 levels left

rFire   + . .      SeeInvis .    i - +1 dagger (vamp)
rCold   . . .      Faith    .    e - +0 buckler {reflect}
rNeg    . . .      Spirit   +    d - +0 robe
rPois   .          Reflect  +    b - +0 helmet
rElec   .          Harm     .    (no cloak)
rCorr   .          Rampage  .    a - +0 pair of gloves
Will    .....                    r - +0 pair of boots
Stlth   ++........               g - amulet of guardian spirit
HPRegen 0.25/turn                j - ring of protection from fire
MPRegen 0.10/turn                (no ring)

@: heavily drained
A: yellow scales 2, powered by death 1, condensation shield
a: no special abilities


You were on level 5 of the Dungeon.
You visited 1 branch of the dungeon, and saw 5 of its levels.

You collected 114 gold pieces.

Inventory:

Hand Weapons
 i - a +1 vampiric dagger (weapon)
Missiles
 l - 6 poisoned darts (quivered)
 q - 2 curare-tipped darts
Armour
 a - a +0 pair of gloves (worn)
 b - a +0 helmet (worn)
 d - a +0 robe (worn)
 e - a +0 buckler of reflection (worn)
 r - a +0 pair of boots (worn)
Jewellery
 g - an amulet of guardian spirit (around neck)
 j - a ring of protection from fire (left hand)
Wands
 c - a wand of flame (24)
Scrolls
 k - 2 scrolls of identify
 s - a scroll of magic mapping
Potions
 o - a potion of attraction


   Skills:
 - Level 1.0 Fighting
 + Level 1.9 Short Blades
 - Level 2.6 Polearms
 + Level 2.3 Dodging
 - Level 1.0 Stealth
 + Level 2.3 Shields
 - Level 1.0 Spellcasting
 - Level 2.0 Conjurations
 - Level 2.0 Evocations


You had 6 spell levels left.
You didn't know any spells.
Your spell library contained the following spells:

 Spells                   Type           Power      Damage    Failure   Level
 Shock                    Conj/Air       12%        1d3       26%         1
 Searing Ray              Conj           10%        2d4       26%         2
 Necrotise                Necr           0%         1d4       36%         1
 Momentum Strike          Conj/Tloc      6%         3d8       36%         2
 Vampiric Draining        Necr           0%         2d6       75%         3
 Agony                    Necr           0%         N/A       100%        5


Dungeon Overview and Level Annotations

Branches:
Dungeon (5/15)
 Temple: D:4-7

Altars:
Vehumet

Shops:
D:3 :

Annotations:
D:4 Sigmund


Innate Abilities, Weirdness & Mutations

You are mostly covered in yellow scales. (AC +3)
You regenerate a little health from kills.
A meltable shield of frost defends you. (SH +4)


Message History

The black bear claws you but does no damage.
The black bear attacks as you move away!
The black bear bites you but does no damage.
The black bear claws you.
* * * LOW HITPOINT WARNING * * *
You block the black bear's attack.
You open the door. The black bear bites you!
* * * LOW HITPOINT WARNING * * *
You block the black bear's attack. The black bear closely misses you.
Found 13 gold pieces and a Young Poisoner's Handbook.
The black bear barely misses you. x2; You block the black bear's attack.
There is an open door here.
Why would you want to do that?
You see here a Young Poisoner's Handbook.
The black bear attacks as you move away!
The black bear bites you.
* * * LOW HITPOINT WARNING * * *
The black bear barely misses you. The black bear misses you.
The ice beast hits you but does no damage.
The ice beast attacks as you move away! You block the ice beast's attack.
The black bear attacks as you move away!
The black bear bites you but does no damage.
The black bear claws you but does no damage.
The black bear barely misses you. The ice beast closely misses you.
You see here 13 gold pieces.
The ice beast attacks as you move away! The ice beast closely misses you.
The black bear attacks as you move away!
You block the black bear's attack. x2
The black bear claws you but does no damage.
There is an open door here.
The black bear attacks as you move away!
You block the black bear's attack. The black bear claws you. x2
* * * LOW HITPOINT WARNING * * *
The black bear attacks as you move away!
The black bear bites you.
* * * LOW HITPOINT WARNING * * *
The black bear claws you but does no damage.
The black bear claws you.
You die...

### ♣♣♣♣♣ #>#
♣♣...♣♣##.#
###♣.$≈..♣#..#
#.'..≈≈≈..+..# ..
#.#♣..≈:.♣#..# _.
#Y#♣♣...♣♣#..# .c.
#h# ♣♣♣♣♣ #.<# ⌠.#
#@# ##.#...#
#.##### #.#...#
#.....####+#.....#
#####........#####
###......#
#......# #......#
#......# #........


You could see a black bear and an ice beast.

Vanquished Creatures
  A hound (D:4)
  4 adders
  A worm (D:2)
  2 dart slugs
  2 orcs (D:4)
  3 endoplasms
  2 giant cockroaches (D:2)
  8 goblins
  6 hobgoblins
  3 jackals (D:1)
  9 kobolds
  4 quokkas
  4 ball pythons
  3 bats
  5 frilled lizards
  6 rats
63 creatures vanquished.

Vanquished Creatures (others)
  A plant (D:2)
1 creature vanquished.

Grand Total: 64 creatures vanquished

Notes
Turn   | Place    | Note
-------+----------+-------------------------------------------
     0 | D:1      | NinjaNoafa the Demonspawn Wanderer began the quest for the
                  | Orb.
     0 | D:1      | NinjaNoafa set off with the following items: a +2 spear, a
                  | +0 helmet, a potion of haste, a +0 robe; and the following
                  | spells available to memorise: Searing Ray, Momentum Strike.
     0 | D:1      | Reached XP level 1. HP: 15/15 MP: 2/2
    74 | D:1      | Gained mutation: You are partially covered in yellow
                  | scales. (AC +2) [demonic ancestry]
    74 | D:1      | Reached XP level 2. HP: 18/21 MP: 3/3
   104 | D:1      | Reached skill level 1 in Dodging
   140 | D:1      | Reached skill level 1 in Shields
   196 | D:1      | You fall into a shaft and drop 1 floor!
   693 | D:2      | Gained mutation: You regenerate a little health from kills.
                  | [demonic ancestry]
   693 | D:2      | Reached XP level 3. HP: 19/26 MP: 2/4
   731 | D:2      | Found a faded altar of an unknown god.
   751 | D:2      | Got Plato's Parchment of the Impact
  1391 | D:3      | Reached skill level 1 in Short Blades
  1576 | D:3      | Found Gihuc's Book Boutique.
  1737 | D:3      | Gained mutation: You are mostly covered in yellow scales.
                  | (AC +3) [demonic ancestry]
  1737 | D:3      | Reached XP level 4. HP: 16/32 MP: 5/5
  1916 | D:3      | Noticed a black bear
  2069 | D:4      | Gained mutation: A meltable shield of frost defends you.
                  | (SH +4) [demonic ancestry]
  2069 | D:4      | Reached XP level 5. HP: 37/37 MP: 4/6
  2107 | D:4      | Noticed Sigmund
  2199 | D:4      | Noticed an ogre
  2199 | D:4      | Noticed a black bear
  2228 | D:5      | Entered Level 5 of the Dungeon
  2232 | D:5      | Found a radiant altar of Vehumet.
  2232 | D:5      | Noticed a centaur
  2233 | D:5      | Noticed an ice beast
  2257 | D:5      | HP: 1/32 [black bear (4)]
  2268 | D:5      | HP: 1/32 [black bear (2)]
  2268 | D:5      | Slain by a black bear

Illustrated notes

Levels and vault maps discovered:
D:1:      minmay_arrival_stone_box, layout_rooms
D:2:      layout_loops_ring, shapermc_ecumenical_altar_rom_forum
D:3:      kennysheep_six_static_rooms, layout_rooms, serial_shops, shop,
          hangedman_decor_lopped, minmay_misc_feat_doors, minmay_pentangle
D:4:      layout_loops_ring, minmay_misc_feat_diagonals, uniq_sigmund
D:5:      layout_basic, mainiacjoe_overflow_catwalk,
          nicolae_overflow_hallway_of_the_gods, minmay_temple_entry_statues,
          kennysheep_generic_room_8

Skill      XL: |  1  2  3  4 |
---------------+-------------+-----
Dodging        | 1 2 |  2.3
Shields        | 1 2 |  2.3
Short Blades   | 1 |  1.9
Fighting       | |  1.0
Polearms       | |  2.6
Stealth        | |  1.0
Spellcasting   | |  1.0
Conjurations   | |  2.0
Evocations     | |  2.0

Action                   |  1- 3 |  4- 6 || total
-------------------------+-------+-------++-------
Melee: Spear             |    24 |       ||    24
       Dagger            |   202 |    96 ||   298
Throw: Dart              |     5 |     6 ||    11
  Use: Potion            |     4 |     4 ||     8
       Scroll            |     4 |     1 ||     5
 Stab: Sleeping          |     6 |       ||     6
Armor: Robe              |    84 |    68 ||   152
       Skin              |     2 |       ||     2
Dodge: Dodged            |   135 |    91 ||   226
Block: Buckler           |    37 |    54 ||    91

Table legend: (Time is in decaauts)
 A = Elapsed time spent in this place.
 B = Non-inter-level travel time spent in this place.
 C = Inter-level travel time spent in this place.
 D = Time resting spent in this place.
 E = Time spent auto-exploring this place.
 F = Levels seen in this place.
 G = Mean time per level.
                   A        B        C        D        E       F      G
               +--------+--------+--------+--------+--------+-----+--------+
         Total |   2244 |   2151 |     93 |      0 |   1307 |   5 |  448.8 |
       Dungeon |   2244 |   2151 |     93 |      0 |   1307 |   5 |  448.8 |
               +--------+--------+--------+--------+--------+-----+--------+

Top non-repeatable levels by time:
     D:2: 884 daAuts
     D:1: 600 daAuts
     D:3: 422 daAuts
     D:4: 297 daAuts
     D:5: 39 daAuts
